General information
- name: Local Game (Chainer-)
- type: Ladder 1vs1/FFA
- host: Chainer-
- saver: Chainer-
map: aps\NGL\NGL-Season6-TR
- players: 8
- length: 27:49
- speed: Fast
- version: 1.24 W3XP
- replay type: Public
» download(219 KB)
Players
team 1 (loser)
myING.VenoM (
orange | 218 APM | 6060 actions | 27:47)
5 Demon Hunter
3 Mana Burn
2 Evasion
4 Naga Sea Witch
2 Frost Arrows
2 Forked Lightning
» actions
| Assign group hotkey | 184 | |
| Basic commands | 187 | |
| Build / train | 96 | |
| ESC pressed | 6 | |
| Enter build submenu | 21 | |
| Enter hero's abilities submenu | 9 | |
| Give item / drop item | 23 | |
| Right click | 2031 | |
| Select / deselect | 769 | |
| Select group hotkey | 2468 | |
| Use ability | 265 | |
6060 total
» units
| Wisp | 20 | |
| Archer | 4 | |
| Dryad | 5 | |
| Druid of the Claw | 13 | |
| Faerie Dragon | 3 | |
45 total
» upgrades
| Ultravision | 1 | |
| Abolish Magic | 1 | |
| Druid of the Claw Training | 2 | |
| Mark of the Claw | 1 | |
| Strength of the Wild | 1 | |
| Reinforced Hides | 1 | |
| Nature's Blessing | 1 | |
8 total
» buildings
| Altar of Elders | 1 | |
| Ancient of War | 2 | |
| Moon Well | 7 | |
| Tree of Ages | 3 | |
| Ancient of Wonders | 1 | |
| Hunter's Hall | 2 | |
| Ancient of Lore | 2 | |
| Ancient Protector | 3 | |
| Tree of Eternity | 1 | |
| Ancient of Wind | 1 | |
23 total
» build order
00:06 Altar of Elders
00:10 Ancient of War
00:17 Moon Well
01:40 Moon Well
03:06 Tree of Ages
03:06 Tree of Ages
03:06 Tree of Ages
03:16 Moon Well
03:34 Ancient of Wonders
04:09 Hunter's Hall
04:11 Hunter's Hall
06:10 Ancient of War
06:22 Ancient of Lore
07:00 Ancient of Lore
08:05 Moon Well
08:30 Ancient Protector
08:31 Ancient Protector
08:56 Tree of Eternity
12:59 Moon Well
13:18 Ancient of Wind
14:52 Moon Well
16:44 Moon Well
18:36 Ancient Protector
» items
| Boots of Speed | 2 | |
| Dust of Appearance | 3 | |
| Staff of Teleportation | 1 | |
| Staff of Preservation | 1 | |
| Potion of Healing | 3 | |
| Moonstone | 3 | |
| Potion of Lesser Invulnerability | 2 | |
| Scroll of Healing | 2 | |
| Orb of Venom | 2 | |
| Anti-magic Potion | 3 | |
22 total
team 2 (winner)
Highupinthesky (
gray | 120 APM | 3348 actions | 27:47)
6 Archmage
3 Summon Water Elemental
2 Brilliance Aura
1 Mass Teleport
6 Naga Sea Witch
3 Frost Arrows
3 Forked Lightning
» actions
| Assign group hotkey | 62 | |
| Basic commands | 189 | |
| Build / train | 87 | |
| ESC pressed | 1 | |
| Enter build submenu | 28 | |
| Enter hero's abilities submenu | 12 | |
| Give item / drop item | 14 | |
| Right click | 1087 | |
| Select / deselect | 737 | |
| Select group hotkey | 984 | |
| Use ability | 147 | |
3348 total
» units
| Peasant | 12 | |
| Footman | 8 | |
| Rifleman | 8 | |
| Priest | 5 | |
| Sorceress | 5 | |
| Spell Breaker | 6 | |
| Mortar Team | 4 | |
48 total
» upgrades
| Gunpowder | 2 | |
| Long Rifles | 1 | |
| Defend | 1 | |
| Plating | 2 | |
| Sorceress Training | 1 | |
| Priest Training | 1 | |
8 total
» buildings
| Altar of Kings | 1 | |
| Farm | 14 | |
| Barracks | 1 | |
| Keep | 1 | |
| Blacksmith | 1 | |
| Arcane Vault | 1 | |
| Lumber Mill | 1 | |
| Arcane Sanctum | 1 | |
| Arcane Tower | 2 | |
| Town Hall | 1 | |
| Workshop | 1 | |
| Scout Tower | 1 | |
26 total
» build order
00:08 Altar of Kings
00:18 Farm
00:22 Barracks
01:07 Farm
01:34 Farm
03:11 Keep
03:25 Blacksmith
03:41 Farm
03:43 Farm
04:10 Farm
04:38 Farm
05:02 Arcane Vault
05:48 Lumber Mill
06:04 Arcane Sanctum
06:54 Farm
08:06 Farm
08:52 Farm
10:55 Farm
10:57 Farm
11:45 Arcane Tower
14:57 Farm
17:02 Farm
17:07 Town Hall
18:31 Workshop
25:13 Scout Tower
25:44 Arcane Tower
» items
| Boots of Speed | 1 | |
| Staff of Teleportation | 1 | |
| Scroll of Regeneration | 3 | |
| Ivory Tower | 2 | |
| Scroll of Town Portal | 2 | |
| Dust of Appearance | 1 | |
| Scroll of Healing | 2 | |
| Potion of Lesser Invulnerability | 1 | |
| Potion of Healing | 1 | |
14 total
observersChainer-,
myING.Xymii,
myING.NoTakashi,
myING.PnG,
Fulla-,
hot-wisp Chat log
(00:04 / Observers) myING.Xymii: also
(00:05 / Observers) myING.Xymii: schau
(00:08 / Observers) Fulla-: why did he chose tr
(00:09 / Observers) Fulla-: ?
(00:17 / Observers) myING.Xymii: der halt human mit 20 towern pro exe
(00:18 / Observers) myING.Xymii: so dumm
(00:22 / Observers) Fulla-: ja
(00:23 / Observers) myING.Xymii: auf mv
(00:26 / Observers) Fulla-: musst halt harassen
(00:33 / Observers) Fulla-: oder pushen
(00:35 / Observers) Fulla-: du hast
(00:40 / Observers) Fulla-: 3 worker oso gekillt
(00:44 / Observers) myING.NoTakashi: ..
(00:45 / All) myING.VenoM: wtf
(00:47 / Observers) myING.NoTakashi: lolol
(00:49 / Observers) Chainer-: huh
(00:49 / All) Highupinthesky: damn
(00:51 / All) Highupinthesky: so close
(00:52 / Observers) Chainer-: that was weird
(00:53 / Observers) hot-wisp: re
(01:00 / All) myING.VenoM: like def win ?
(01:00 / Observers) myING.PnG: what is sky doin -.-
(01:04 / Observers) Chainer-: they should save the ga,e
(01:05 / Observers) Chainer-: i dunno
(01:09 / Observers) Chainer-: hes just a bit upset
(01:10 / Observers) Fulla-: yeah
(01:11 / Observers) Fulla-: save a
(01:13 / Observers) Chainer-: sry about his manneres guys
(01:14 / Observers) Fulla-: 2 minute game
(01:19 / Observers) myING.PnG: just like fulla :O
(01:24 / Observers) Chainer-: lol
(01:34 / Observers) Fulla-: if you stop being stupid ill try being nicer
(01:35 / Observers) Fulla-: okay?
(01:36 / Observers) myING.PnG: he thought we hack :(
(01:38 / Observers) myING.Xymii: bene gegen welche race hast du eig gespielt?
(01:39 / Observers) Chainer-: fulla :9
(01:41 / Observers) myING.PnG: hu
(01:47 / Observers) myING.Xymii: do u just have hums?
(01:49 / Observers) myING.PnG: gegen chainer
(01:55 / Observers) Chainer-: lol no
(01:55 / Observers) myING.Xymii: wie war der?
(01:58 / Observers) Chainer-: mainly orcs actully
(02:01 / Observers) Fulla-: well i am actually ud but
(02:04 / Observers) Chainer-: just none of our players ahve itnernet atm
(02:11 / Observers) Fulla-: i dont play my main race in such leagues
(02:12 / Observers) Chainer-: this isnt our normal time per say
(02:15 / Observers) Fulla-: i dont wanna be too mean
(02:15 / Observers) hot-wisp: pls stop
(02:19 / Observers) hot-wisp: live stream
(02:23 / Observers) hot-wisp: i wtv streamer
(02:25 / Observers) hot-wisp: im*
(02:27 / Observers) Chainer-: ?
(02:28 / Observers) Fulla-: HI MOM
(02:42 / Observers) Chainer-: lol im pretty sure u need our consent to do that
(02:43 / Observers) Chainer-: but w/e
(02:58 / Observers) myING.NoTakashi: n1
(02:58 / Observers) myING.Xymii: :)
(03:02 / Observers) hot-wisp: tt
(03:09 / Observers) myING.NoTakashi: xD
(03:11 / Observers) myING.PnG: aaaaaaalll exp
(03:16 / Observers) myING.PnG: eheh
(03:21 / Observers) myING.NoTakashi: well done
(03:26 / Observers) myING.PnG: lemming archer^^
(03:32 / Observers) Chainer-: good thing he didnt go mk lol
(03:33 / All) Highupinthesky: is it wrong for me to hate you?
(03:34 / Observers) Chainer-: since dh
(03:40 / Observers) Chainer-: lol
(03:43 / Observers) Fulla-: mk on tr vs elf?
(03:44 / Observers) myING.PnG: lol
(03:47 / Observers) Chainer-: well
(03:47 / Observers) myING.PnG: wtf
(03:52 / Observers) Chainer-: the guy kept going warden
(03:54 / Observers) Chainer-: mk>>
(03:58 / Observers) Fulla-: on tr?
(03:59 / Observers) myING.PnG: so what?
(04:07 / Observers) Chainer-: ?
(04:15 / Observers) myING.PnG: why the hell does he keep flaming
(04:15 / Observers) Fulla-: mk is horrible on tr
(04:25 / Observers) hot-wisp: if human skilled mk imba
(04:30 / Observers) hot-wisp: on tr
(04:32 / Observers) Chainer-: lol that wasnt exactly a flame
(04:39 / Observers) Fulla-: when did i flame
(04:40 / Observers) myING.PnG: what he wrote? :D
(04:42 / Observers) Fulla-: ?
(04:43 / Observers) myING.PnG: no
(04:47 / Observers) myING.PnG: i meant sky
(04:50 / Observers) myING.NoTakashi: ))
(04:52 / Observers) Fulla-: he wrote something
(04:56 / Observers) Fulla-: 2 mins ago
(05:01 / Observers) myING.PnG: "is it wring foe me to hate you"
(05:03 / Observers) Chainer-: he sed is it wrong for me to hate u
(05:05 / Observers) Fulla-: yes
(05:06 / Observers) Fulla-: that
(05:06 / Observers) Fulla-: was
(05:08 / Observers) Chainer-: thats not really a flame
(05:08 / Observers) myING.PnG: wrong *
(05:08 / Observers) Chainer-: lol
(05:08 / Observers) Fulla-: 2 mins ago
(05:09 / Observers) hot-wisp: is the human drunken ? ^^
(05:11 / Observers) Fulla-: are you slow?
(05:12 / Observers) myING.PnG: for what reason?
(05:12 / All) Highupinthesky: would i get some sort of penalty
(05:13 / Observers) Chainer-: can be seen as a joke o.0
(05:15 / All) Highupinthesky: for calling you a faggot?
(05:18 / All) Highupinthesky: or how do the rules work
(05:18 / Observers) Chainer-: ffs sky
(05:19 / Observers) hot-wisp: xD
(05:25 / Observers) myING.Xymii: lenny
(05:26 / Observers) hot-wisp: hes funny
(05:28 / Observers) myING.PnG: no flaming :D
(05:30 / Observers) myING.PnG: sure
(05:33 / Observers) myING.Xymii: guck mal ob du dem pps aufbrummen kannst
(05:38 / Observers) Fulla-: cry
(05:40 / Observers) Chainer-: lol technically that was a question
(05:50 / Observers) myING.PnG: effectively it was an insult!
(05:51 / Observers) myING.NoTakashi: still unamnnered
(05:52 / Observers) Fulla-: germans always cry
(05:59 / All) Highupinthesky: ahahaha
(06:01 / Observers) Chainer-: lol dont u start as well fulla
(06:08 / Observers) myING.PnG: who told me all british guys are very well mannered ? :(
(06:10 / Observers) myING.PnG: some are
(06:10 / Observers) Chainer-: he never attack moves
(06:15 / Observers) Chainer-: dont know why
(06:15 / Observers) myING.PnG: but sky is certainly not
(06:20 / Observers) Chainer-: sky isnt british
(06:22 / Observers) Chainer-: hes swedish
(06:23 / Observers) myING.PnG: but ?
(06:24 / Observers) hot-wisp: is der göttlich
(06:24 / Observers) hot-wisp: XD
(06:25 / Observers) myING.PnG: -.-
(06:29 / Observers) Fulla-: who told me germans lose all the wars?
(06:31 / Observers) Fulla-: history books!
(06:40 / Observers) hot-wisp: XD
(06:44 / Observers) myING.PnG: dont start thta one .....
(06:45 / Observers) Chainer-: well
(06:49 / Observers) myING.PnG: this is ridiculous
(06:55 / Observers) Chainer-: they broguht the entire world too its knees twice
(06:56 / Observers) hot-wisp: block doch
(06:58 / Observers) Chainer-: thats damn impressive
(06:59 / All) Highupinthesky: ahahahaha
(07:00 / Observers) Chainer-: but lets manner up;
(07:05 / Observers) myING.PnG: agreed
(07:09 / Observers) myING.NoTakashi: well
(07:10 / Observers) hot-wisp: FUCK OOFF MANNER
(07:10 / Observers) hot-wisp: !
(07:11 / All) Highupinthesky: you sicken me
(07:12 / Observers) hot-wisp: XD
(07:15 / Observers) Fulla-: what the fuck is he doing
(07:17 / Observers) myING.NoTakashi: maybe german lose but we are mannered
(07:24 / Observers) Chainer-: ffs i hate the way he could win this easy
(07:25 / Observers) Chainer-: but isntead
(07:28 / Observers) myING.NoTakashi: I couldn't say the same about you
(07:29 / Observers) Chainer-: is flaming
(07:33 / Observers) myING.PnG: why ?
(07:54 / Observers) Fulla-: why didnt he t2 expo?
(08:23 / Observers) Chainer-: lol he told me if i didnt put him vs an orc
(08:27 / Observers) Chainer-: jhed behave
(08:27 / Observers) hot-wisp: was is das ?
(08:28 / Observers) Chainer-: xD
(08:28 / Observers) hot-wisp: cwl
(08:29 / Observers) myING.Xymii: :D
(08:30 / Observers) hot-wisp: oder eas ?
(08:31 / Observers) myING.PnG: cause he rather likes to concentrate on how hes gonna write his next insult -.-
(08:35 / Observers) Chainer-: yea
(08:37 / Observers) Chainer-: its illy
(08:40 / Observers) myING.NoTakashi: eas
(08:40 / Observers) myING.PnG: eas
(08:46 / Observers) Chainer-: lol
(08:47 / Observers) hot-wisp: warum frage ich
(08:49 / Observers) hot-wisp: ob das cwl ist
(08:51 / Observers) hot-wisp: ich idiot
(08:51 / Observers) myING.NoTakashi: ka
(08:52 / Observers) hot-wisp: tt
(08:55 / Observers) myING.PnG: dunno :D
(09:04 / Observers) Chainer-: cwl is worse mannered isnt it?
(09:06 / Observers) Chainer-: in general
(09:12 / Observers) myING.PnG: hm...
(09:14 / Observers) hot-wisp: not
(09:17 / Observers) myING.PnG: rly depends
(09:17 / Observers) Fulla-: JUST CLEAR THE MINE AND EXPAND
(09:20 / Observers) Fulla-: WHAT THE FUCK
(09:23 / Observers) hot-wisp: fulla
(09:25 / Observers) myING.PnG: its like
(09:25 / Observers) hot-wisp: chill pls
(09:27 / Observers) Chainer-: hes doing his stupid roflcastro
(09:28 / Observers) myING.PnG: in eas
(09:29 / Observers) hot-wisp: u dont need to write in caps
(09:32 / Observers) hot-wisp: he cant hear u
(09:37 / Observers) Fulla-: who are you anyway
(09:37 / Observers) Chainer-: o rly
(09:56 / Observers) Fulla-: claws...
(09:56 / Observers) Chainer-: fail
(10:00 / Observers) myING.PnG: gj
(10:02 / All) Highupinthesky: nice staff
(10:05 / Observers) hot-wisp: calws of attack
(10:08 / Observers) myING.PnG: lol
(10:10 / Observers) myING.PnG: so funny
(10:14 / Observers) Chainer-: i do hate those ne staffs
(10:15 / Observers) Chainer-: b
(10:17 / Observers) Chainer-: but tbh
(10:17 / Observers) myING.NoTakashi: get manner
(10:19 / All) myING.VenoM: spikes
(10:20 / Observers) hot-wisp: save
(10:21 / Observers) hot-wisp: save
(10:22 / Observers) myING.PnG: lol
(10:22 / Observers) Chainer-: pause
(10:23 / Observers) myING.NoTakashi: SAVE
(10:24 / Observers) myING.NoTakashi: SAVE
(10:25 / Observers) Chainer-: pause game
(10:27 / Observers) hot-wisp: SAVE
(10:29 / Observers) Fulla-: who is hot wisp?
(10:30 / Observers) Chainer-: sand save
(10:34 / Observers) Chainer-: one of there playerws
(10:39 / Observers) myING.NoTakashi: omg
(10:40 / Observers) myING.NoTakashi: ..
(10:44 / Observers) Chainer-: who doesnty think cool kids wear tags
(10:57 / Observers) myING.PnG: lol
(10:58 / Observers) myING.PnG: imba naga
(10:59 / Observers) Chainer-: waht a terrible item to get
(11:07 / Observers) Chainer-: claws+15 woudlve been imba
(11:09 / Observers) hot-wisp: mk > naga
(11:17 / Observers) myING.PnG: + 15 ? :D
(11:17 / Observers) hot-wisp: besondesr bei den units
(11:19 / Observers) Chainer-: well that naga reallty helped him
(11:19 / Observers) myING.PnG: on solo map
(11:20 / Observers) Chainer-: at start
(11:25 / Observers) Chainer-: he needs an expandsion..
(11:39 / Observers) hot-wisp: he need
(11:40 / Observers) hot-wisp: braeker
(11:42 / Observers) Chainer-: 1 base rifle caster wont cut it vs mass bears
(11:51 / Observers) Chainer-: shame the first game between them was really nice game
(11:53 / Observers) hot-wisp: more breaker
(11:54 / Observers) Chainer-: alot of good tactics
(11:55 / Observers) hot-wisp: and human win
(12:02 / Observers) myING.NoTakashi: haha
(12:06 / Observers) myING.NoTakashi: hu will win
(12:11 / Observers) myING.NoTakashi: because VenoM lagg out
(12:11 / Observers) myING.Xymii: :((
(12:12 / Observers) myING.NoTakashi: :X
(12:13 / Observers) hot-wisp: hu wird gewinnen
(12:14 / Observers) hot-wisp: ^^
(12:17 / Observers) Chainer-: he wont lag out
(12:19 / Observers) Chainer-: if we dont drop him
(12:23 / Observers) myING.NoTakashi: ye
(12:25 / Observers) myING.NoTakashi: think so
(12:25 / Observers) hot-wisp: venom lässt human zuviel creepen
(12:27 / Observers) myING.PnG: ne creeping too passively
(12:31 / Observers) myING.PnG: ye
(12:38 / Observers) myING.PnG: get red ones!!
(12:38 / Observers) Chainer-: problem is am becomes so useless vs dryd
(12:40 / Observers) Chainer-: abolish>>
(12:41 / Observers) myING.NoTakashi: I think sky will drop him
(12:43 / Observers) myING.NoTakashi: next time
(12:49 / Observers) Fulla-: blizzard solves
(12:50 / Observers) myING.NoTakashi: he looks unmannered yet
(12:51 / Observers) Chainer-: doesnt it take more than one guy?
(13:00 / Observers) myING.NoTakashi: I don't know
(13:02 / Observers) Chainer-: i doubt sky is actully that badly mannered anyways
(13:05 / Observers) Chainer-: its just trash talk
(13:06 / Observers) myING.NoTakashi: i listen the half of the player
(13:13 / Observers) Chainer-: but if he lags long enough
(13:16 / Observers) Chainer-: he will get kicked out of game
(13:17 / Observers) myING.NoTakashi: have to press it
(13:17 / Observers) myING.NoTakashi: but
(13:18 / Observers) myING.NoTakashi: ..
(13:19 / Observers) hot-wisp: wie er creept
(13:21 / Observers) hot-wisp: lol
(13:21 / Observers) Chainer-: regardless if someone drops him i think
(13:30 / Observers) myING.PnG: er creept wie orc
(13:30 / Observers) hot-wisp: der venom ^^
(13:36 / Observers) hot-wisp: lenny da kannst du sogar spielen
(13:37 / Observers) hot-wisp: XD
(13:41 / Observers) Chainer-: expand noobshaped :s
(13:58 / Observers) myING.PnG: no wood
(14:02 / Observers) myING.PnG: cant believe it
(14:04 / Observers) hot-wisp: naga move
(14:12 / Observers) myING.NoTakashi: lool
(14:22 / Observers) Chainer-: i hate staffs
(14:27 / Observers) Chainer-: he has 500 wood?
(14:34 / Observers) myING.PnG: ne
(14:34 / Observers) myING.NoTakashi: t
(14:36 / Observers) myING.NoTakashi: the elf
(14:38 / Observers) myING.PnG: has 40
(14:41 / Observers) Fulla-: what is he doing
(14:42 / Observers) myING.PnG: its like that every game
(14:42 / Observers) Fulla-: ...
(14:45 / Observers) Chainer-: ah but thought u sed he cant expand cause wood
(14:47 / Observers) myING.PnG: so bad macro
(14:50 / Observers) Chainer-: i sed hu expand
(14:54 / Observers) hot-wisp: afk ?
(14:56 / Observers) hot-wisp: venom ?
(15:17 / Observers) myING.PnG: if hu gets those
(15:21 / Observers) myING.PnG: its gg for sure
(15:26 / Observers) myING.NoTakashi: did he took blizzard yet?
(15:28 / Observers) myING.PnG: great......
(15:29 / Observers) hot-wisp: wenn der jetzt noch auf blizzard umskillt
(15:37 / Observers) hot-wisp: 2 mana pots
(15:38 / Observers) hot-wisp: xD
(15:40 / Observers) Chainer-: lol mass mana pots
(15:44 / Observers) Chainer-: gogo
(16:04 / Observers) Chainer-: why they wasting time with the littles
(16:05 / Observers) myING.PnG: i cant believe venoms creeping ....
(16:12 / Observers) hot-wisp: der creept
(16:17 / Observers) hot-wisp: mit 62 supplay
(16:17 / Observers) Chainer-: if hu lets ne get an expansion and doesnt expand
(16:19 / Observers) hot-wisp: den spot XD
(16:21 / Observers) Chainer-: i will scream
(16:24 / Observers) myING.NoTakashi: welchen denn sonst?
(16:30 / Observers) myING.NoTakashi: er wollte doch den
(16:32 / Observers) myING.NoTakashi: war nur schon
(16:32 / Observers) myING.NoTakashi: D:
(16:34 / Observers) hot-wisp: guck doch mal was der spielt
(16:38 / Observers) hot-wisp: als ob er nich wüsste
(16:39 / Observers) myING.PnG: toe -.-..-.#
(16:40 / Observers) hot-wisp: was er machen soll
(16:42 / Observers) hot-wisp: ^^
(16:45 / Observers) Chainer-: good item to leae o.0
(16:52 / Observers) Chainer-: drop a mana pot surely
(16:53 / Observers) Chainer-: and take it
(16:56 / Observers) Chainer-: mana pot useless?
(17:00 / Observers) myING.Xymii: oh man des ist so gg
(17:01 / Observers) myING.Xymii: :/
(17:06 / Observers) myING.NoTakashi: für?
(17:07 / Observers) myING.NoTakashi: xD
(17:11 / Observers) myING.Xymii: ja hum
(17:12 / Observers) myING.Xymii: xD
(17:14 / Observers) myING.NoTakashi: ne
(17:15 / Observers) myING.PnG: :D
(17:19 / Observers) hot-wisp: kann er packen
(17:22 / Observers) hot-wisp: sind nur 2 breaker
(17:22 / Observers) myING.Xymii: die ferries
(17:27 / Observers) myING.Xymii: sind gut .)
(17:29 / Observers) hot-wisp: ja
(17:31 / Observers) Fulla-: yeah now he expos
(17:33 / Observers) Fulla-: when it is
(17:34 / Observers) hot-wisp: naya gut usen
(17:34 / Observers) Fulla-: the worst
(17:35 / Observers) Chainer-: dont think its over
(17:35 / Observers) myING.Xymii: go
(17:36 / Observers) Fulla-: possible
(17:37 / Observers) Fulla-: timing
(17:39 / Observers) Chainer-: think it can go either way
(17:39 / Observers) hot-wisp: gewinnt er
(17:46 / Observers) myING.PnG: kein scoutr
(17:47 / Observers) myING.Xymii: oh man
(17:47 / Observers) myING.NoTakashi: t.t
(17:47 / Observers) hot-wisp: junge mach doch mal go ey
(17:48 / Observers) myING.NoTakashi: t.t.
(17:48 / Observers) myING.PnG: gar nix
(17:54 / Observers) hot-wisp: boah is der schwul
(18:04 / Observers) myING.Xymii: gleich lvl 5 am/naga
(18:05 / Observers) myING.Xymii: dann gg
(18:07 / Observers) Fulla-: is that the first solo game of the ne?
(18:14 / Observers) Chainer-: manners
(18:16 / Observers) hot-wisp: fulla get some manner
(18:19 / Observers) Fulla-: make me
(18:21 / Observers) Chainer-: ..
(18:23 / Observers) hot-wisp: only fucking noobs like u in eas
(18:25 / Observers) Fulla-: but seriously
(18:26 / Observers) myING.PnG: its your task ..
(18:26 / Observers) Fulla-: no 3rd hero
(18:27 / Observers) hot-wisp: just watch the game
(18:29 / Observers) hot-wisp: and shut up
(18:30 / Observers) Fulla-: er
(18:34 / Observers) Fulla-: i won my bo3
(18:36 / Observers) hot-wisp: ye
(18:36 / Observers) Fulla-: easily
(18:37 / Observers) hot-wisp: gz
(18:41 / Observers) myING.Xymii: der pumpt weiter caster
(18:42 / Observers) myING.NoTakashi: easy
(18:42 / Observers) myING.Xymii: hm
(18:43 / Observers) myING.NoTakashi: lool
(18:43 / Observers) hot-wisp: its eas
(18:44 / Observers) myING.NoTakashi: xDDD
(18:45 / Observers) hot-wisp: noone cares
(18:45 / Observers) myING.PnG: lets call it
(18:47 / Observers) myING.PnG: manner noob
(18:47 / Observers) Chainer-: this was a nice friendly clanwar tho
(18:47 / Observers) myING.PnG: :O
(18:49 / Observers) myING.NoTakashi: mass towetr
(18:50 / Observers) myING.NoTakashi: with
(18:52 / Observers) Chainer-: no reason to turn it into this
(18:53 / Observers) myING.NoTakashi: 80 apm
(18:53 / Observers) myING.NoTakashi: xD
(18:54 / Observers) myING.PnG: it was
(19:00 / Observers) Fulla-: im not even human
(19:03 / Observers) Fulla-: i play ud
(19:04 / Observers) myING.NoTakashi: yeah
(19:06 / Observers) myING.NoTakashi: mass tower
(19:07 / Observers) hot-wisp: wer hat 80 apm ?
(19:11 / Observers) myING.NoTakashi: don't need skill
(19:14 / Observers) Fulla-: you think apm matters?
(19:19 / Observers) Chainer-: o.0
(19:19 / Observers) myING.NoTakashi: ye
(19:22 / Observers) myING.NoTakashi: I do
(19:27 / Observers) hot-wisp: xD
(19:29 / Observers) myING.PnG: i fact it does
(19:30 / Observers) myING.PnG: lol
(19:34 / Observers) myING.PnG: play with 1 apm
(19:35 / Observers) Fulla-: says the orc
(19:36 / Observers) Chainer-: it does to some extend
(19:38 / Observers) myING.PnG: :D
(19:44 / Observers) myING.NoTakashi: I'm random
(19:44 / Observers) Chainer-: but not really that much
(19:48 / Observers) Chainer-: 150 apm can beat 400 apm np
(19:48 / Observers) myING.Xymii: wenn venom jetzt ne gute posi bekommt
(19:52 / Observers) myING.NoTakashi: sure
(19:55 / Observers) myING.PnG: ye
(19:55 / Observers) myING.NoTakashi: but 80 apm
(19:57 / Observers) myING.PnG: von hinten
(19:59 / Observers) myING.NoTakashi: are not enough
(20:00 / Observers) myING.PnG: aber tz lahm
(20:01 / Observers) Chainer-: lol
(20:01 / Observers) Fulla-: that's why i won.
(20:04 / Observers) myING.NoTakashi: 200
(20:11 / Observers) Chainer-: your ud player
(20:13 / Observers) Chainer-: has 250 apm
(20:18 / Observers) Chainer-: i chekced some of his replays
(20:18 / Observers) hot-wisp: use ferries
(20:19 / Observers) myING.Xymii: ferries
(20:20 / Observers) myING.Xymii: !
(20:21 / Observers) Fulla-: and lost
(20:21 / Observers) hot-wisp: USE FERRIES
(20:24 / Observers) hot-wisp: alter
(20:25 / Observers) hot-wisp: USE
(20:30 / Observers) myING.Xymii: ferries
(20:30 / Observers) myING.Xymii: omg
(20:32 / Observers) myING.PnG: omg
(20:33 / Observers) hot-wisp: RUNTER MIT DEN DINGERN
(20:37 / Observers) Chainer-: if u say that fullas apm was actully 80
(20:38 / Observers) hot-wisp: wie schlecht
(20:40 / Observers) myING.Xymii: alter
(20:40 / Observers) hot-wisp: der human ist
(20:41 / Observers) Chainer-: then 80 is enough
(20:48 / Observers) myING.NoTakashi: with 1000 supply yes
(20:48 / Observers) hot-wisp: dispel
(20:49 / Observers) myING.NoTakashi: xDD
(20:59 / Observers) myING.PnG: hamburg wins!
(21:01 / Observers) myING.PnG: vs celtic
(21:08 / Observers) myING.Xymii: omg hätte der gleich ferries runter gemach
(21:12 / Observers) myING.Xymii: wärs gleich gg
(21:17 / Observers) Chainer-: damn that naga owned
(21:28 / Observers) hot-wisp: sill jetzt chims gehen
(21:30 / Observers) Fulla-: mana pot to naga
(21:38 / Observers) myING.NoTakashi: mit welchen exp?
(21:38 / Observers) myING.NoTakashi: xD
(21:45 / Observers) hot-wisp: auswurzeln
(21:48 / Observers) hot-wisp: und ne exe ziehn
(21:49 / Observers) hot-wisp: -.-
(21:52 / Observers) hot-wisp: wofür is er nightelf
(22:02 / Observers) myING.NoTakashi: am
(22:10 / Observers) Fulla-: why does he tp away
(22:11 / Observers) myING.Xymii: xD
(22:11 / Observers) myING.PnG: nice
(22:13 / Observers) Fulla-: and let his expo die
(22:17 / Observers) myING.PnG: now
(22:18 / Observers) Chainer-: hed lose his heros if not
(22:20 / Observers) hot-wisp: die exe moved
(22:21 / Observers) hot-wisp: xD
(22:22 / Observers) myING.PnG: walking trees solve
(22:24 / Observers) myING.PnG: to get expo
(22:27 / Observers) myING.NoTakashi: kill exp and back
(22:32 / Observers) myING.NoTakashi: tp
(22:32 / Observers) myING.Xymii: tp
(22:32 / Observers) myING.NoTakashi: tp
(22:32 / Observers) myING.Xymii: tp
(22:32 / Observers) myING.NoTakashi: tp
(22:33 / Observers) myING.NoTakashi: tp
(22:33 / Observers) myING.PnG: TP
(22:33 / Observers) myING.NoTakashi: tp
(22:39 / Observers) myING.PnG: xD
(22:41 / Observers) myING.PnG: hahaha
(22:54 / Observers) myING.NoTakashi: not a little army
(22:54 / Observers) myING.NoTakashi: :D
(22:55 / Observers) Chainer-: he hasnt left enough gold to rebuild exp ;s
(22:59 / Observers) Fulla-: why send the peasants back
(23:00 / Observers) Fulla-: man
(23:05 / Observers) hot-wisp: sell items
(23:06 / Observers) hot-wisp: -.-
(23:07 / Observers) myING.PnG: to farm god
(23:07 / Observers) Fulla-: get gold
(23:08 / Observers) myING.PnG: haha
(23:09 / Observers) Fulla-: urgh
(23:24 / Observers) myING.NoTakashi: yeye
(23:34 / Observers) hot-wisp: alles ausuwrzeln
(23:35 / Observers) Fulla-: ...
(23:35 / Observers) myING.PnG: 55 vs 38 ..
(23:36 / Observers) hot-wisp: und zur exe
(23:49 / Observers) myING.PnG: more drys
(23:55 / Observers) myING.NoTakashi: morter
(23:55 / Observers) myING.Xymii: der muss nur die exe hlaten
(23:56 / Observers) Chainer-: vs mass rifle tho
(23:56 / Observers) myING.Xymii: der elf
(24:05 / Observers) myING.PnG: need
(24:08 / Observers) myING.PnG: omg
(24:08 / Observers) myING.PnG: b
(24:09 / Observers) myING.PnG: b
(24:09 / Observers) myING.PnG: b
(24:14 / Observers) Fulla-: yea charge with am how smart
(24:18 / Observers) hot-wisp: also only hero klick
(24:20 / Observers) hot-wisp: wird ein lose
(24:29 / Observers) myING.PnG: omg
(24:30 / Observers) hot-wisp: man xD
(24:32 / Observers) myING.PnG: dont fight there
(24:33 / Observers) myING.PnG: just why
(24:34 / Observers) hot-wisp: not vs elend
(24:36 / Observers) myING.PnG: hes got expo
(24:50 / Observers) hot-wisp: wisp
(24:51 / Observers) hot-wisp: in die exe
(24:53 / Observers) hot-wisp: wäre godlike
(25:06 / Observers) myING.NoTakashi: lvl 6 dh
(25:10 / Observers) myING.NoTakashi: würde jz halt klären
(25:12 / Observers) hot-wisp: dauert noch
(25:17 / Observers) myING.PnG: lang ..
(25:17 / Observers) myING.Xymii: würde
(25:27 / Observers) hot-wisp: XD
(25:33 / Observers) hot-wisp: also ich würd mich erhängen
(25:58 / Observers) myING.Xymii: oh man
(25:59 / Observers) Chainer-: ropfl
(26:06 / Observers) myING.Xymii: naja catac winnt sein solo for sure
(26:09 / Observers) hot-wisp: wurzel doch lores aus
(26:16 / Observers) hot-wisp: catac ?
(26:17 / Observers) myING.PnG: no need
(26:18 / Observers) hot-wisp: catalysm ?
(26:20 / Observers) myING.Xymii: y
(26:26 / Observers) myING.Xymii: und bene wir machen des 2v2
(26:26 / Observers) myING.Xymii: !
(26:29 / Observers) Chainer-: i dont know yet when rosin is aviable
(26:29 / Observers) myING.Xymii: ne hum
(26:30 / Observers) myING.NoTakashi: hu
(26:32 / Observers) Chainer-: i will let u know asap
(26:34 / Observers) myING.PnG: now camp base °_°
(26:36 / Observers) Chainer-: but hopefully itll be decided in 2v2
(26:48 / Observers) hot-wisp: warum auch item verkaufen
(26:51 / Observers) hot-wisp: für ne exe
(26:51 / Observers) hot-wisp: XD
(27:22 / Observers) Chainer-: staff works with no main?
(27:23 / Observers) Chainer-: imba
(27:28 / Observers) hot-wisp: yes
(27:32 / Observers) hot-wisp: u need
(27:36 / Observers) hot-wisp: only buidling
(27:46 / All) myING.VenoM: gg